 Dungeon Sprint DCSS version 0.30-a0-802-gb92711bcdf (webtiles) character file.

Game seed: 11519161527822114471

33 BigDaddyOpFi the Ducker (level 3, -8/27 HPs)
             Began as an Octopode Fighter on Feb 24, 2023.
             Was a Believer of Qazlal.
             Shot with an arrow by a centaur (13 damage)
             ... in the Dungeon (Sprint VII: "The Pits").
             The game lasted 00:00:34 (396 turns).

BigDaddyOpFi the Ducker (Octopode Fighter)           Turns: 396, Time: 00:00:34

Health: -8/27      AC:  1    Str: 17    XL:     3   Next: 29%
Magic:  5/5        EV: 13    Int: 10    God:    Qazlal [**....]
Gold:   0          SH:  7    Dex: 11    Spells: 2/2 levels left

rFire   . . .      SeeInvis .    a - +0 war axe
rCold   . . .      Faith    .    b - +0 buckler
rNeg    . . .      Spirit   .    (helmet restricted)
rPois   .          Reflect  .    (no amulet)
rElec   .          Harm     .    (no ring)
rCorr   .          Rampage  .    (no ring)
Will    .....      NoTele   +    (no ring)
Stlth   ++                       (no ring)
HPRegen 0.24/turn                (no ring)
MPRegen 0.09/turn                (no ring)
                                 (no ring)
                                 (no ring)

@: no status effects
A: almost no armour, amphibious, 8 rings, camouflage 1, gelatinous body 1,
(nimble swimmer 1), tentacles
a: Renounce Religion, Upheaval


You were in the Dungeon.
You worshipped Qazlal.
Qazlal was pleased with you.
You visited 1 branch

Inventory:

Hand Weapons
 a - a +0 war axe (weapon)
Armour
 b - a +0 buckler (worn)
Scrolls
 i - a scroll of blinking
Potions
 c - a potion of might
 d - 6 potions of curing
 e - 6 potions of heal wounds
 f - a potion of haste
 g - 4 potions of magic
 h - 3 potions of berserk rage
 j - 2 potions of invisibility


   Skills:
 + Level 4.0 Fighting
 + Level 3.2 Axes
 + Level 4.1 Dodging
 + Level 4.0 Shields
 * Level 2.9 Invocations


You had 2 spell levels left.
You didn't know any spells.
Your spell library was empty.

Dungeon Overview and Level Annotations

Branches:
Dungeon (1/1)

Altars:
Ashenzari
Cheibriados
Dithmenos
Elyvilon
Fedhas
Gozag
Hepliaklqana
Kikubaaqudgha
Makhleb
Nemelex Xobeh
Okawaru
Qazlal
Ru
Sif Muna
Trog
Uskayaw
Vehumet
Wu Jian
Xom
Yredelemnul
Zin
The Shining One
Jiyva
Lugonu


Innate Abilities, Weirdness & Mutations

You cannot wear most types of armour.
You are amphibious.
You can wear up to eight rings at the same time.
Your skin changes colour to match your surroundings (Stealth+).
Your rubbery body absorbs attacks. (AC +1, EV +1)
((You are camouflaged when in or above water. (Stealth+)))
You have tentacles for arms and can constrict up to eight enemies at once.


Message History

You barely miss the bat. The bat closely misses you. The bat barely misses you.
Your Shields skill increases to level 4!
The bat completely misses you. The bat closely misses you.
The bat hits you but does no damage.
You miss the bat. You grab the bat. You constrict the bat. The bat misses you.
The bat escapes!
The bat closely misses you.
You slash the bat!
You kill the bat!
Qazlal accepts your kill.
No target in view!
You open the door.
Found nine items.
There is an open door here.
e - 6 potions of heal wounds (gained 5)
d - 6 potions of curing (gained 5)
You see here a +3 long sword of holy wrath.
There is an open door here.
There is an open door here.
There is an open door here.
There is an open door here.
You start waiting.
You open the door.
There is an open door here.
You open the door.
A centaur comes into view.
A crimson imp, a centaur and a white imp come into view.
The centaur shouts!
You hear a shout!
The white imp shouts!
The centaur shouts!
The centaur wields a +0 shortbow.
The centaur shoots an arrow.
The arrow hits you!
The centaur wields a +0 shortbow.
The centaur shoots an arrow.
The arrow closely misses you.
An endoplasm comes into view.
The white imp moves out of view.
The crimson imp shouts!
There is an open door here.
The centaur shoots an arrow.
The arrow hits you!
The crimson imp blinks!
A kobold comes into view. It is wielding a +0 club.
The centaur shoots an arrow.
The arrow hits you.
* * * LOW HITPOINT WARNING * * *
The crimson imp blinks!
The centaur shoots an arrow.
The arrow hits you!
You die...

#.#[[#.†...##.....
#.#))#####'#####'#
#.#))#.....##.....
#.#))#.†...##.....
#.#..###'####.....
#.##'#..)†.##...<.
#.#........##.....
#.#........##.....
#@###########.....
#.......# ######
#.J.#.§.# #...# .#
#.##c# #K§ #5. #c.
... #.. ..+ ####
##


You could see 2 centaurs, a white imp, an endoplasm and a kobold.

Vanquished Creatures
  A gnoll (D)
  An adder (D)
  An adder zombie (D)
  A ball python (D)
  A bat (D)
  4 jackals (D)
  A quokka (D)
  A ball python skeleton (D)
  A rat (D)
12 creatures vanquished.

Notes
Turn   | Place    | Note
-------+----------+-------------------------------------------
     0 | D        | BigDaddyOpFi the Octopode Fighter began the quest for the
                  | Orb.
     0 | D        | Reached XP level 1. HP: 16/16 MP: 1/1
   148 | D        | Found a bloodstained altar of Trog.
   148 | D        | Found a shimmering blue altar of Sif Muna.
   148 | D        | Found a viscous altar of Jiyva.
   148 | D        | Found a hazy altar of Hepliaklqana.
   148 | D        | Found an opulent altar of Gozag.
   149 | D        | Found a glowing golden altar of the Shining One.
   149 | D        | Found a glowing silver altar of Zin.
   149 | D        | Found a basalt altar of Yredelemnul.
   149 | D        | Found a shimmering altar of Xom.
   149 | D        | Found an ornate altar of the Wu Jian Council.
   149 | D        | Found a sacrificial altar of Ru.
   149 | D        | Found a stormy altar of Qazlal.
   149 | D        | Found an iron altar of Okawaru.
   149 | D        | Found a sparkling altar of Nemelex Xobeh.
   149 | D        | Found a burning altar of Makhleb.
   149 | D        | Found a blossoming altar of Fedhas.
   149 | D        | Found a white marble altar of Elyvilon.
   149 | D        | Found a shadowy altar of Dithmenos.
   149 | D        | Found a snail-covered altar of Cheibriados.
   150 | D        | Found a radiant altar of Vehumet.
   150 | D        | Found a corrupted altar of Lugonu.
   151 | D        | Found a hide-covered altar of Uskayaw.
   151 | D        | Found an ancient bone altar of Kikubaaqudgha.
   151 | D        | Found a broken altar of Ashenzari.
   154 | D        | Became a worshipper of Qazlal Stormbringer
   182 | D        | Reached XP level 2. HP: 21/21 MP: 2/2
   187 | D        | Reached skill level 1 in Invocations
   292 | D        | Reached * piety under Qazlal
   308 | D        | Reached XP level 3. HP: 27/27 MP: 3/5
   308 | D        | Reached ** piety under Qazlal
   393 | D        | Noticed a centaur
   394 | D        | Noticed a centaur
   396 | D        | Shot with an arrow by a centaur

Illustrated notes

Levels and vault maps discovered:
D:        pitsprint [storerooms_1, entrance_room_1, metal_vault_4, armoury_1,
          mini_pit_1, grid_room_1, main_hall_1, silver_pit, the_coven_1,
          the_vestibule_1, steel_vault_2, golden_pit, hallway_of_sentries,
          crystal_vault_1, iron_vault_3, final_vault]

Skill      XL: |  1  2  3 |
---------------+----------+-----
Invocations    | 2 |  2.9
Axes           | 3 |  3.2
Fighting       | 4 |  4.0
Dodging        | 4 |  4.1
Shields        | 4 |  4.0

Action                     || total
---------------------------++-------
  Melee: War axe           ||    18
         Constrict         ||     4
         Punch             ||     1
   Stab: Sleeping          ||     3
 Armour: Skin              ||     3
  Dodge: Dodged            ||    24
  Block: Buckler           ||     5

Table legend: (Time is in decaauts)
 A = Elapsed time spent in this place.
 B = Non-inter-level travel time spent in this place.
 C = Inter-level travel time spent in this place.
 D = Time resting spent in this place.
 E = Time spent auto-exploring this place.
 F = Levels seen in this place.
 G = Mean time per level.
                   A        B        C        D        E       F      G
               +--------+--------+--------+--------+--------+-----+--------+
         Total |    402 |    384 |     18 |    271 |      0 |   1 |  402.0 |
       Dungeon |    402 |    384 |     18 |    271 |      0 |   1 |  402.0 |
               +--------+--------+--------+--------+--------+-----+--------+

Top non-repeatable levels by time:
       D: 402 daAuts
